 Dungeon Crawl Stone Soup version 0.31-a0-208-gdb31a4691d (webtiles) character file.

Game seed: 3193537804069747522

70 tsouns the Cutter (level 4, -4/35 HPs)
             Began as a Vampire Berserker on June 28, 2023.
             Was a Follower of Trog.
             Slain by a gnoll
             ... wielding a +0 spear
              (7 damage)
             ... on level 2 of the Dungeon.
             The game lasted 00:01:23 (401 turns).

tsouns the Cutter (Vampire Berserker)                Turns: 401, Time: 00:01:23

Health: -4/35      AC:  2    Str: 15 (18) XL:     4   Next: 3%
Magic:  4/4        EV: 12    Int:  7 (9)  God:    Trog [*.....]
Gold:   40         SH:  0    Dex: 10 (13) Spells: 3/3 levels left

rFire   . . .        a - +0 short sword
rCold   . . .        (no shield)
rNeg    . . .        b - +0 animal skin
rPois   .            (no helmet)
rElec   .            (no cloak)
rCorr   .            (no gloves)
SInv    +            (no boots)
Will    .....        (no amulet)
Stlth   ++           (no ring)
HPRegen 0.45/turn    (no ring)
MPRegen 0.09/turn

%: no passive effects
@: on berserk cooldown, healing quickly, slowed, very slow
A: alive, fangs 3, see invisible, vampiric 2
a: Exsanguinate, Renounce Religion, Berserk


You were on level 2 of the Dungeon.
You worshipped Trog.
Trog was aware of your devotion.
You visited 1 branch of the dungeon, and saw 2 of its levels.

You collected 40 gold pieces.

Inventory:

Hand Weapons
 a - a +0 short sword (weapon)
Armour
 b - a +0 animal skin (worn)
Scrolls
 d - 2 scrolls of blinking
 e - 3 scrolls of identify


   Skills:
 + Level 3.4 Fighting
 + Level 4.1 Short Blades
 - Level 1.5 Armour
 - Level 2.1 Dodging
 + Level 3.2 Stealth


You had 3 spell levels left.
You didn't know any spells.
Your spell library was empty.

Dungeon Overview and Level Annotations

Branches:
Dungeon (2/15)

Altars:


Innate Abilities, Weirdness & Mutations

Your natural rate of healing is accelerated.
You have razor-sharp teeth.
You have supernaturally acute eyesight. (SInv)
You are afflicted with vampirism and can become a bat while bloodless.


Message History

You kill the ball python!
Trog accepts your kill. The frilled lizard bites you.
The gnoll hits you from afar with a +0 spear.
Things that are here:
a +0 whip; a ball python corpse You barely miss the frilled lizard.
You barely miss the frilled lizard. The frilled lizard bites you.
The gnoll hits you from afar with a +0 spear.
* * * LOW HITPOINT WARNING * * *
You puncture the frilled lizard!
You kill the frilled lizard!
Trog accepts your kill.
You see here a frilled lizard corpse.
You puncture the gnoll!
The gnoll is almost dead.
You hit the gnoll.
You kill the gnoll!
Trog accepts your kill.
The gnoll hits you from afar with a +0 spear.
* * * LOW HITPOINT WARNING * * *
You have reached level 4!
Found a stone staircase leading up.
You are no longer berserk.
You are exhausted.
You feel yourself slow down. The gnoll hits you with a +0 spear.
* * * LOW HITPOINT WARNING * * *
Things that are here:
a +0 whip; a gnoll corpse
Okay, then.
It was a potion of degeneration.
There was something very wrong with that liquid.
You feel weakened.
You feel dopey.
You feel clumsy. The gnoll hits you with a +0 spear.
* * * LOW HITPOINT WARNING * * *
As you read the scroll labelled NUIRRO WEGYGGA, it crumbles to dust.
It is a scroll of identify.
d - 2 scrolls of blinking The gnoll hits you with a +0 spear!
You die...

##....<.....#
...........#
#..........#
#..........#
#..........#
#..........# ..
#.....g....# ...
#@# #.# #†# #.# #)#
## #.# #)# ...##.##
#.#
#.....#########.##
#.............###
##)...#####......#
##..............###


You could see a gnoll.

Vanquished Creatures
  3 gnolls (D:2)
  2 adders (D:2)
  A worm (D:2)
  A ball python (D:2)
  A bat (D:2)
  An endoplasm (D:2)
  A goblin (D:2)
  7 jackals (D:2)
  A kobold (D:2)
  A quokka (D:2)
  2 frilled lizards (D:2)
21 creatures vanquished.

Notes
Turn   | Place    | Note
-------+----------+-------------------------------------------
     0 | D:1      | tsouns the Vampire Berserker began the quest for the Orb.
     0 | D:1      | Reached XP level 1. HP: 17/17 MP: 1/1
    15 | D:1      | You fall into a shaft and drop 1 floor!
    70 | D:2      | Reached skill level 1 in Stealth
    81 | D:2      | Reached XP level 2. HP: 20/23 MP: 2/2
   328 | D:2      | Gained mutation: You are afflicted with vampirism and can
                  | become a bat while bloodless. [Vampire growth]
   328 | D:2      | Reached XP level 3. HP: 25/29 MP: 3/3
   388 | D:2      | Reached skill level 4 in Short Blades
   399 | D:2      | Reached XP level 4. HP: 12/35 MP: 4/4
   401 | D:2      | Slain by a gnoll

Illustrated notes

Levels and vault maps discovered:
D:1:      dpeg_arrival_stonehenge_8_columns, layout_basic
D:2:      layout_rooms, kennysheep_generic_room_14

Skill      XL: |  1  2  3 |
---------------+----------+-----
Stealth        | 1 2 3 |  3.2
Fighting       | 3 |  3.4
Short Blades   | 4 |  4.1
Armour         | |  1.5
Dodging        | |  2.1

Action                     |  1- 3 |  4- 6 || total
---------------------------+-------+-------++-------
  Melee: Short sword       |   102 |       ||   102
         Bite              |    12 |       ||    12
         Punch             |     2 |       ||     2
 Invoke: Berserk           |     1 |       ||     1
    Use: Scroll            |       |     1 ||     1
         Potion            |       |     1 ||     1
   Stab: Sleeping          |     2 |       ||     2
 Armour: Animal skin       |    21 |       ||    21
  Dodge: Dodged            |    58 |       ||    58

Table legend: (Time is in decaauts)
 A = Elapsed time spent in this place.
 B = Non-inter-level travel time spent in this place.
 C = Inter-level travel time spent in this place.
 D = Time resting spent in this place.
 E = Time spent auto-exploring this place.
 F = Levels seen in this place.
 G = Mean time per level.
                   A        B        C        D        E       F      G
               +--------+--------+--------+--------+--------+-----+--------+
         Total |    379 |    379 |      0 |      0 |    236 |   2 |  189.5 |
       Dungeon |    379 |    379 |      0 |      0 |    236 |   2 |  189.5 |
               +--------+--------+--------+--------+--------+-----+--------+

Top non-repeatable levels by time:
     D:2: 364 daAuts
     D:1: 15 daAuts
